Map: Acid Plant LE

Players

AlexPKeaton

  • Race: Terran Terran
  • League: Master
  • Spawn Location: 11:00

Qolt - Winner!

  • Race: Terran Terran
  • League: Master
  • Spawn Location: 5:00

VOD

Have the link to the VOD?

Description

Time

  • Played on: Aug. 27, 2018, 2 a.m.
  • Length: 24:34
Show
View Real Time Build Order
Export as new Build Order

AlexPKeaton Terran 

Build Orders: Cyclone Opening 

Get SALT Encoding   

  12  0:01  SCV  
  13  0:13  SCV  
  14  0:19  Supply Depot  
  14  0:25  SCV  
  15  0:31  Refinery  
  15  0:40  SCV  
  16  0:48  Barracks  
  16  0:55  SCV  
  17  0:59  Refinery  
  17  1:07  SCV  
  18  1:19  SCV  
  19  1:35  Orbital Command  
  19  1:37  Factory  
  19  1:40  Barracks Reactor  
  19  1:52  Supply Depot  
  19  2:02  SCV  
  20  2:14  SCV  
  21  2:29  Cyclone x2  
  27  2:32  SCV  
  28  2:38  Supply Depot  
  28  2:49  SCV  
  29  3:01  Cyclone x2  
  29  3:02  SCV  
  36  3:07  Supply Depot  
  36  3:30  SCV  
  37  3:35  Cyclone x2  
  43  3:43  SCV  
  44  4:02  SCV  
  45  4:04  Supply Depot  
  45  4:15  Cyclone  
  42  4:34  Cyclone  
  42  4:48  Cyclone  
  38  5:02  Command Center  
  38  5:06  Cyclone  
  41  5:10  SCV  
  42  5:14  Starport  
  42  5:22  SCV  
  42  5:34  SCV  
  43  5:38  Cyclone  
  46  5:46  SCV  
  49  5:50  Hellion  
  49  5:51  Refinery  
  49  5:53  Refinery, Supply Depot, Starport Tech Lab  
  49  5:58  SCV  
  50  6:10  SCV  
  50  6:11  Hellion  
  53  6:12  Raven  
  55  6:22  SCV  
  56  6:25  SCV  
  56  6:26  Barracks  
  57  6:34  Cyclone, SCV  
  57  6:38  SCV  
  62  6:45  Armory  
  62  6:46  SCV  
  63  6:55  SCV  
  63  6:58  SCV  
  65  7:01  Raven  
  68  7:11  SCV  
  68  7:12  Cyclone  
  72  7:16  Orbital Command  
  72  7:20  Factory  
  71  7:23  Supply Depot, SCV  
  72  7:35  SCV  
  69  7:55  SCV  
  69  7:57  Raven  
  72  8:05  SCV  
  73  8:06  Cyclone  
  73  8:07  SCV  
  73  8:09  Factory  
  77  8:17  SCV  
  56  8:33  Cyclone  
  55  8:34  SCV x2  
  52  8:46  SCV x2  
  51  8:53  Command Center  
  51  8:54  Starport Reactor, Siege Tank  
  51  8:55  Factory Reactor  
  54  8:58  SCV x2  
  54  9:00  Terran Vehicle Weapons Level 1  
  54  9:01  Engineering Bay  
  56  9:07  Widow Mine  
  58  9:10  SCV x2  
  60  9:17  Barracks Reactor  
  60  9:22  SCV x2  
  62  9:26  Siege Tank, Infernal Pre-Igniter  
  65  9:33  Widow Mine  
  65  9:34  SCV x2  
  69  9:39  Viking x2, Hellion x2  
  69  9:42  Supply Depot  
  77  9:46  SCV  
  77  9:47  Armory  
  78  9:56  Factory  
  76  10:00  Hellion x2  
  76  10:04  SCV  
  81  10:08  Siege Tank  
  81  10:09  Armory  
  81  10:10  SCV  
  85  10:16  SCV  
  86  10:22  Missile Turret  
  86  10:23  SCV  
  86  10:26  Missile Turret  
  86  10:28  SCV  
  88  10:30  Planetary Fortress  
  88  10:35  SCV  
  89  10:36  Hellion x2  
  89  10:40  SCV  
  92  10:47  SCV  
  92  10:48  Widow Mine  
  95  10:55  Siege Tank  
  95  10:56  Hellion x2  
  102  10:57  Viking x2  
  106  11:09  Widow Mine  
  108  11:12  Refinery  
  108  11:13  Refinery  
  108  11:21  Terran Vehicle Weapons Level 2  
  108  11:22  Terran Vehicle And Ship Armor Level 1  
  108  11:49  Hellion  
  108  11:55  Supply Depot x2  
  108  11:58  Hellion x2, Viking x2  
  116  12:04  Sensor Tower  
  116  12:05  Siege Tank  
  117  12:17  Hellion x2  
  117  12:20  Hellion  
  122  12:22  Terran Ship Weapons Level 1  
  122  12:26  Supply Depot  
  122  12:27  Supply Depot  
  122  12:28  Viking  
  116  12:37  Siege Tank  
  116  12:38  Hellion x2  
  96  12:57  Hellion x2  
  98  12:59  Hellion x2  
  98  13:01  SCV x2  
  98  13:02  SCV  
  101  13:09  Siege Tank  
  96  13:13  SCV  
  96  13:14  SCV x2  
  99  13:21  Viking x2  
  99  13:22  Smart Servos  
  99  13:26  SCV x3  
  106  13:28  Factory  
  106  13:36  Hi-Sec Auto Tracking  
  106  13:37  Terran Vehicle And Ship Armor Level 2  
  106  13:38  SCV x2  
  108  13:41  Siege Tank  
  111  13:51  Viking  
  111  13:53  Factory, Hellion  
  111  13:54  Missile Turret  
  115  13:56  Missile Turret  
  115  14:00  Missile Turret  
  115  14:02  Missile Turret  
  107  14:08  Hellion  
  107  14:09  Hellion x2  
  113  14:13  Siege Tank  
  113  14:14  Hellion  
  118  14:20  Supply Depot  
  118  14:28  Viking  
  118  14:30  Factory Tech Lab, Hellion x2  
  124  14:45  Siege Tank  
  124  14:49  Command Center  
  124  14:51  Factory Tech Lab  
  127  14:58  Sensor Tower  
  127  15:00  Terran Vehicle Weapons Level 3  
  127  15:02  Terran Ship Weapons Level 2  
  127  15:05  Siege Tank  
  130  15:11  Siege Tank  
  133  15:17  Siege Tank  
  140  15:37  Viking x2  
  149  15:50  Starport  
  149  15:51  Thor x2  
  144  15:59  Refinery  
  144  16:07  Missile Turret x2, Viking x2  
  144  16:09  Missile Turret x2  
  144  16:10  Missile Turret  
  148  16:12  Missile Turret x2  
  148  16:13  Hellion x2  
  152  16:27  Missile Turret  
  152  16:31  Missile Turret  
  152  16:37  Viking  
  152  16:38  Refinery  
  154  16:45  Factory Tech Lab  
  154  16:46  Missile Turret  
  154  16:47  Viking x2  
  154  16:50  Viking  
  154  16:53  Thor  
  166  16:57  Supply Depot x2  
  166  17:03  Terran Vehicle And Ship Armor Level 3  
  166  17:07  Viking  
  168  17:17  Missile Turret  
  168  17:19  Planetary Fortress  
  168  17:24  Viking  
  170  17:32  Missile Turret  
  170  17:34  Thor  
  170  17:36  Missile Turret  
  176  17:42  Missile Turret  
  176  17:46  Terran Ship Weapons Level 3  
  176  17:49  Viking  
  178  17:53  Supply Depot  
  178  17:54  Supply Depot  
  178  18:07  Missile Turret  
  178  18:09  Command Center  
  178  18:10  Missile Turret  
  178  18:12  Sensor Tower  
  178  18:13  Thor  
  178  18:19  Missile Turret  
  184  18:25  Viking x2  
  188  18:30  Thor  
  194  19:00  Missile Turret  
  194  19:02  Missile Turret  
  194  19:03  Missile Turret  
  194  19:04  Missile Turret  
  194  19:08  Command Center  
  194  19:14  Command Center  
  194  19:26  Thor  
  200  19:31  Refinery  
  200  19:33  Refinery  
  200  19:34  Missile Turret x2  
  200  19:36  Missile Turret x2  
  200  19:38  Missile Turret  
  198  20:03  Planetary Fortress  
  198  20:04  Refinery  
  154  20:23  Thor x4  
  154  20:24  Widow Mine, Drilling Claws  
  154  20:25  Widow Mine  
  118  20:46  Widow Mine x2  
  102  21:06  Siege Tank, Thor x3  
  123  21:22  Widow Mine x2  
  127  21:38  Thor  
  133  21:43  Widow Mine  
  133  21:44  Widow Mine  
  137  21:49  Thor, Widow Mine x2  
  137  21:53  Refinery  
  132  22:05  Widow Mine x2  
  112  22:10  Thor  
  112  22:11  Widow Mine  
  115  22:22  Widow Mine  
  102  22:26  Widow Mine x2  
  102  22:32  Widow Mine x2  
  100  22:43  Widow Mine  
  100  22:48  Widow Mine x2  
  100  22:53  Thor, Widow Mine  
  100  22:54  Widow Mine  
  106  23:04  Thor  
  112  23:09  Widow Mine x2  
  116  23:15  Widow Mine x2  
  120  23:30  Widow Mine  
  104  23:36  Thor  
  104  23:40  Widow Mine x3  
  86  24:02  Widow Mine x3  
  84  24:03  Hellion  
Show
View Real Time Build Order
Export as new Build Order

Qolt Terran - Winner!

Build Orders: 1/1/1, Cyclone Opening 

Get SALT Encoding   

  12  0:00  SCV  
  13  0:12  SCV  
  14  0:17  Supply Depot  
  14  0:24  SCV  
  15  0:29  Refinery  
  15  0:39  SCV  
  16  0:45  Barracks  
  16  0:51  SCV  
  16  0:56  Refinery  
  17  1:03  SCV  
  18  1:15  SCV  
  19  1:32  Orbital Command, Reaper  
  20  1:37  Factory  
  20  1:47  Supply Depot  
  20  1:58  SCV  
  21  2:04  Reaper  
  22  2:20  Cyclone  
  22  2:22  Starport  
  25  2:24  SCV  
  26  2:36  SCV  
  27  2:39  Supply Depot, Barracks Reactor  
  27  2:48  SCV  
  28  2:53  Cyclone  
  31  3:00  SCV  
  31  3:03  Viking  
  34  3:13  SCV  
  34  3:15  Marine x2  
  34  3:19  Supply Depot  
  37  3:41  SCV  
  38  3:42  Supply Depot  
  38  3:48  Marine x2, Factory Tech Lab  
  38  3:53  SCV  
  37  4:00  Supply Depot  
  36  4:04  Viking  
  36  4:05  SCV  
  35  4:21  SCV  
  31  4:40  Siege Tank  
  23  5:11  SCV  
  23  5:12  Siege Tank  
  27  5:23  SCV  
  27  5:25  Barracks  
  28  5:34  Viking  
  31  5:35  SCV  
  31  5:39  Supply Depot  
  31  5:52  SCV  
  31  6:03  Command Center  
  31  6:08  SCV  
  31  6:10  Siege Tank  
  35  6:18  Marine x2  
  37  6:21  SCV  
  38  6:29  Viking  
  40  6:33  SCV  
  40  6:35  Supply Depot  
  40  6:38  Marine x2  
  43  6:48  Engineering Bay  
  43  6:53  SCV  
  44  6:56  Siege Tank  
  44  7:01  Medivac  
  49  7:05  SCV  
  50  7:15  Missile Turret  
  50  7:16  Missile Turret  
  50  7:23  Orbital Command  
  50  7:27  SCV  
  50  7:29  Marine  
  52  7:30  Marine  
  53  7:39  SCV  
  53  7:40  Siege Tank  
  57  7:52  SCV x2  
  57  7:55  Medivac  
  59  8:04  Barracks  
  59  8:05  SCV x2, Barracks  
  55  8:20  Marine x2  
  46  8:35  SCV x2  
  46  8:38  Marine  
  46  8:40  Marine  
  45  8:41  Siege Tank  
  45  8:42  Starport Reactor  
  45  8:47  SCV x2  
  49  8:52  Barracks Tech Lab, Barracks Reactor, Command Center  
  49  8:55  Marine  
  50  9:05  Marine  
  50  9:09  SCV x2  
  52  9:13  Stimpack, Siege Tank, Marine  
  55  9:18  Refinery  
  55  9:21  SCV  
  55  9:22  SCV  
  57  9:31  Marine x3  
  57  9:32  Marine x2  
  57  9:34  SCV x2  
  57  9:37  Refinery  
  64  9:39  Terran Infantry Weapons Level 1  
  64  9:46  SCV x2  
  64  9:49  Marine x2  
  64  9:51  Medivac  
  70  9:57  Supply Depot  
  70  9:58  Supply Depot  
  70  9:59  Siege Tank, Medivac  
  75  10:05  Orbital Command  
  75  10:09  Marine x2  
  75  10:10  Marine x3  
  80  10:26  Armory  
  80  10:28  Engineering Bay  
  80  10:30  Orbital Command  
  80  10:31  SCV x2  
  82  10:37  Marine x5  
  87  10:43  SCV x2  
  89  10:54  Marine x2  
  89  10:55  SCV x2  
  89  10:56  Supply Depot  
  93  11:00  Marine x2  
  93  11:01  Marine  
  96  11:06  Supply Depot, SCV  
  97  11:13  Combat Shield  
  97  11:14  Siege Tank  
  97  11:15  Medivac  
  97  11:16  Medivac  
  102  11:25  Marine x2  
  102  11:26  Marine x2  
  102  11:27  Marine  
  106  11:41  SCV x2  
  106  11:42  SCV  
  106  11:43  Marine x4  
  106  11:44  Terran Infantry Weapons Level 2, Terran Infantry Armor Level 1  
  106  11:45  Terran Vehicle And Ship Armor Level 1  
  113  11:53  SCV x2  
  114  11:56  Command Center  
  114  12:01  Siege Tank, Medivac  
  117  12:03  Medivac  
  121  12:12  Marine x4  
  125  12:34  Supply Depot x2  
  125  12:35  Supply Depot  
  125  12:36  Supply Depot  
  125  12:37  Marine, Viking  
  125  12:38  Marine x2, Viking  
  104  12:52  Marine x2  
  104  12:55  Marine  
  105  13:03  Marine x2  
  91  13:06  Siege Tank  
  91  13:10  Marine x2, Viking x2  
  95  13:14  SCV x3  
  95  13:18  Refinery  
  95  13:19  Refinery, Marine  
  98  13:20  Starport x2, Marine x2  
  100  13:32  SCV  
  101  13:39  Terran Ship Weapons Level 1  
  101  13:40  Viking x2  
  105  13:42  Marine x4  
  105  13:44  Marine  
  110  13:52  Refinery, Siege Tank  
  110  13:54  Refinery  
  113  14:00  Marine x2  
  113  14:06  Planetary Fortress  
  113  14:08  SCV x3  
  113  14:09  Starport Reactor x2  
  116  14:15  Sensor Tower  
  116  14:16  Marine  
  116  14:17  Marine x2  
  116  14:18  Marine  
  116  14:20  Viking  
  116  14:21  Viking  
  116  14:23  SCV  
  116  14:24  SCV x2  
  126  14:31  Marine  
  126  14:33  Terran Infantry Weapons Level 3  
  126  14:34  Marine x2  
  126  14:35  Terran Infantry Armor Level 2, Marine  
  130  14:43  Marine  
  131  14:45  Viking  
  131  14:49  Marine, Viking  
  131  14:52  Marine x2  
  137  14:55  SCV  
  137  14:56  SCV x2  
  141  15:01  Command Center  
  141  15:12  Viking x3  
  147  15:22  Starport  
  147  15:24  Starport  
  145  15:38  Sensor Tower  
  145  15:40  Viking  
  145  15:41  Viking x2  
  150  15:49  Viking x3  
  154  15:54  SCV x4  
  158  15:58  Missile Turret  
  158  16:01  Starport Tech Lab  
  158  16:02  Starport Tech Lab  
  157  16:06  SCV x2  
  157  16:10  Viking  
  157  16:11  Supply Depot x3, Viking  
  162  16:23  Raven  
  162  16:24  Raven  
  162  16:25  Viking x3  
  172  16:27  Corvid Reactor  
  172  16:29  Refinery  
  172  16:30  Missile Turret  
  172  16:31  Refinery  
  172  16:37  Viking  
  174  16:40  Viking  
  174  16:42  Planetary Fortress  
  176  16:50  Viking  
  178  16:55  Viking  
  178  16:59  Terran Ship Weapons Level 2, Command Center  
  180  17:07  Liberator  
  180  17:11  Terran Infantry Armor Level 3  
  180  17:18  Viking x2  
  180  17:21  Liberator  
  184  17:28  Command Center  
  187  17:35  Liberator  
  187  17:37  Fusion Core  
  187  17:41  Liberator  
  190  17:54  Liberator  
  196  17:59  Sensor Tower  
  196  18:03  Command Center  
  199  18:16  Orbital Command  
  199  18:24  Advanced Ballistics, Weapon Refit  
  199  18:31  Armory  
  199  18:59  Command Center  
  199  19:02  Orbital Command  
  199  19:06  Command Center  
  199  19:20  Sensor Tower  
  199  19:21  Orbital Command  
  172  20:26  Viking, Battlecruiser  
  172  20:27  Viking x5, Battlecruiser  
  147  20:38  Siege Tank  
  147  20:40  Liberator  
  148  20:43  Marine  
  148  20:44  Marine x4  
  149  20:56  Viking  
  141  21:01  Marine  
  145  21:11  Viking x2  
  145  21:12  Viking  
  145  21:18  Marine x4  
  151  21:20  Planetary Fortress  
  155  21:31  Battlecruiser x2  
  167  21:40  Planetary Fortress  
  167  21:46  Viking x2  
  167  21:47  Viking x4  
  175  21:50  Refinery  
  175  21:52  Refinery  
  175  21:53  Missile Turret  
  161  21:56  Missile Turret  
  139  22:02  Refinery  
  139  22:04  Refinery  
  139  22:08  Terran Vehicle And Ship Armor Level 2  
  128  22:11  Marine x5  
  118  22:24  Viking x6  
  118  22:28  Marine  
  118  22:29  Marine x2  
  133  22:35  Battlecruiser x2  
  145  22:40  Siege Tank  
  142  22:54  Viking x3  
  148  23:13  Viking x3  
  139  23:37  Viking  
  139  23:38  Viking x2  
  139  23:39  Raven x2  
  145  23:43  Viking  
  143  23:53  Viking x2  
Tags
 
Add a new tag
Caveats
  • Supply blocks, unpowered buildings, or Contaminate may cause inaccurate times.
  • Supply counts are checked every 10 seconds.